 Dungeon Crawl Stone Soup version 0.30-a0-210-g01b79a254e (webtiles) character file.

Game seed: 12721360453608631691

5 sleeves the Trooper (level 1, 18/18 HPs)
             Began as a Demonspawn Fighter on Oct 4, 2022.
             Was a Follower of Wu Jian.
             Quit the game on level 1 of the Dungeon.
             The game lasted 00:00:15 (94 turns).

sleeves the Trooper (Demonspawn Fighter)              Turns: 94, Time: 00:00:16

Health: 18/18      AC:  6    Str: 16    XL:     1   Next: 66%
Magic:  1/1        EV:  8    Int:  9    God:    Wu Jian [*.....]
Gold:   26         SH:  4    Dex: 12    Spells: 0/0 levels left

rFire   . . .      SeeInvis .    a - +0 trident
rCold   . . .      Faith    .    c - +0 buckler
rNeg    . . .      Spirit   .    b - +0 scale mail
rPois   .          Reflect  .    (no helmet)
rElec   .          Harm     .    (no cloak)
rCorr   .          Rampage  .    (no gloves)
Will    .....                    (no boots)
Stlth   ..........               (no amulet)
HPRegen 0.23/turn                (no ring)
MPRegen 0.07/turn                (no ring)

@: no status effects
A: no striking features
a: Renounce Religion


You were on level 1 of the Dungeon.
You worshipped Wu Jian.
Wu Jian was aware of your devotion.
You visited 1 branch of the dungeon, and saw 1 of its levels.

You collected 26 gold pieces.

Inventory:

Hand Weapons
 a - a +0 trident (weapon)
Armour
 b - a +0 scale mail (worn)
 c - a +0 buckler (worn)
Potions
 d - a potion of might


   Skills:
 - Level 3.0 Fighting
 + Level 2.2 Polearms
 - Level 2.6 Armour
 - Level 2.6 Shields


You couldn't memorise any spells.
You didn't know any spells.
Your spell library was empty.

Dungeon Overview and Level Annotations

Branches:
Dungeon (1/15)

Altars:
Wu Jian


Message History

Welcome, sleeves the Demonspawn Fighter.
Will you prevail where others failed? Will you find the Orb of Zot?
Press ? for a list of commands and other information.
Found a staircase leading out of the dungeon.
Found 6 poisoned darts.
Found a mace.
A ball python comes into view.
The ball python hisses angrily.
A bat comes into view.
A ball python comes into view.
The bat moves out of view.
The ball python hisses angrily.
The bat hits you but does no damage.
You closely miss the ball python. The ball python barely misses you.
You block the ball python's attack.
You puncture the bat!
You kill the bat!
The ball python bites you but does no damage.
The ball python grabs you. The ball python constricts you.
The ball python bites you. The ball python constricts you.
You puncture the ball python!
You kill the ball python!
The ball python bites you. The ball python closely misses you.
You closely miss the ball python. You block the ball python's attack. x2
You hit the ball python.
You kill the ball python!
Your Polearms skill increases to level 2!
No target in view!
HP restored.
Things that are here:
a ball python corpse; a ball python corpse A giant cockroach comes into view.
You closely miss the giant cockroach. The giant cockroach bites you.
The giant cockroach waves its antennae.
You block the giant cockroach's attack.
You hit the giant cockroach.
The giant cockroach is severely wounded.
The giant cockroach bites you but does no damage.
You puncture the giant cockroach!
You kill the giant cockroach!
You see here a giant cockroach corpse.
You now have 13 gold pieces.
Found a stone staircase leading down.
You now have 22 gold pieces (gained 9).
Found a faded altar of an unknown god.
No target in view!
No target in view!
No target in view!
No target in view!
You now have 26 gold pieces (gained 4).
A quokka comes into view.
A quokka is nearby!
You puncture the quokka!
You kill the quokka!
No target in view!
No target in view!
No target in view!
No target in view!
No target in view!
No target in view!
No target in view!
A kobold comes into view. It is wielding a +0 dagger.
The kobold shouts!
A kobold is nearby!
You hit the kobold.
You kill the kobold!
No target in view!
No target in view!
No target in view!
No target in view!
No target in view!
No target in view!
There is a faded altar of an unknown god here.
This altar belongs to (a) Okawaru, (b) Wu Jian or (c) Dithmenos, but you can't tell which.
Press the corresponding letter to learn more about a god, or press enter to convert or escape to cancel.
Wu Jian accepts your prayer! The Council welcomes you!
You can now perform damaging attacks by moving towards foes.
You can now lightly attack monsters by moving around them.
Are you sure you want to abandon this character and quit the game? (Confirm with "yes".)

#.......#################
#..................>....#
#.......########.....##.
........# ####.....#
.######## #........# #
#...###+## #.......#
##.......# #....@...#
#...8.8..# #........#
#...#....# #...#)...#
+............
#...#....#### #####......
####.###


There were no monsters in sight!

Vanquished Creatures
  A giant cockroach (D:1)
  A quokka (D:1)
  2 ball pythons (D:1)
  A bat (D:1)
  A kobold (D:1)
6 creatures vanquished.

Notes
Turn   | Place    | Note
-------+----------+-------------------------------------------
     0 | D:1      | sleeves the Demonspawn Fighter began the quest for the Orb.
     0 | D:1      | Reached XP level 1. HP: 18/18 MP: 1/1
    46 | D:1      | Reached skill level 2 in Polearms
    79 | D:1      | Found a faded altar of an unknown god.
    93 | D:1      | Prayed at the altar of an unknown god.
    93 | D:1      | Became a worshipper of the Wu Jian Council
    93 | D:1      | Reached * piety under Wu Jian
    94 | D:1      | Quit the game

Illustrated notes

Levels and vault maps discovered:
D:1:      wander_arrival_fairy_ring, layout_basic,
          dreamdust_ecumenical_altar_statues, st_stairs_5

Skill      XL: |  1 |
---------------+----+-----
Polearms       | 2 |  2.2
Fighting       | |  3.0
Armour         | |  2.6
Shields        | |  2.6

Action                   || total
-------------------------++-------
Melee: Trident           ||    10
Armor: Scale mail        ||     3
Dodge: Dodged            ||     2
Block: Buckler           ||     4

Table legend: (Time is in decaauts)
 A = Elapsed time spent in this place.
 B = Non-inter-level travel time spent in this place.
 C = Inter-level travel time spent in this place.
 D = Time resting spent in this place.
 E = Time spent auto-exploring this place.
 F = Levels seen in this place.
 G = Mean time per level.
                   A        B        C        D        E       F      G
               +--------+--------+--------+--------+--------+-----+--------+
         Total |     96 |     96 |      0 |      0 |     65 |   1 |   96.0 |
       Dungeon |     96 |     96 |      0 |      0 |     65 |   1 |   96.0 |
               +--------+--------+--------+--------+--------+-----+--------+

Top non-repeatable levels by time:
     D:1: 96 daAuts
